 Dungeon Crawl Stone Soup version 0.31-a0-949-g57150269e1 (webtiles) character file.

Game seed: 17304193089068032840

272 skwerlee the Chopper (level 6, -1/53 HPs)
             Began as a Minotaur Fighter on Oct 22, 2023.
             Was an Initiate of Okawaru.
             Succumbed to a gnoll bouda's poison
             ... on level 4 of the Dungeon.
             The game lasted 00:06:45 (2622 turns).

skwerlee the Chopper (Minotaur Fighter)             Turns: 2622, Time: 00:06:46

Health: -1/53      AC: 12    Str: 23    XL:     6   Next: 2%
Magic:  5/5        EV: 10    Int:  5    God:    Okawaru [......]
Gold:   251        SH:  4    Dex:  9    Spells: 5/5 levels left

rFire   . . .        a - +0 war axe
rCold   . . .        c - +0 buckler
rNeg    . . .        b - +0 scale mail
rPois   .            (helmet restricted)
rElec   .            g - +0 cloak
rCorr   .            (no gloves)
SInv    .            (no boots)
Will    .....        (no amulet) Stlth
                     o - +4 ring of protection
HPRegen 0.28/turn    (no ring)
MPRegen 0.09/turn

%: no passive effects
@: lethally poisoned (-1 -> -14), weakened
A: horns 2, retaliatory headbutt
a: Renounce Religion


You were on level 4 of the Dungeon.
You worshipped Okawaru.
Okawaru was noncommittal.
You visited 1 branch of the dungeon, and saw 4 of its levels.

You collected 251 gold pieces.

Inventory:

Hand Weapons
 a - a +0 war axe (weapon)
Armour
 b - a +0 scale mail (worn)
 c - a +0 buckler (worn)
 g - a +0 cloak (worn)
Jewellery
 h - a ring of fire
 m - a ring of fire
 o - a +4 ring of protection (left hand)
Wands
 p - a wand of light (11)
Scrolls
 e - a scroll of torment {unknown}
 f - 4 scrolls of identify
 l - a scroll of revelation {unknown}
 n - a scroll of teleportation {unknown}
Potions
 d - a potion of might
 i - a potion of resistance {unknown}
 j - a potion of enlightenment {unknown}
 k - 2 potions of heal wounds


   Skills:
 + Level 4.4 Fighting
 + Level 5.5 Axes
 + Level 4.9 Armour
 + Level 1.3 Dodging
 + Level 4.3 Shields


You had 5 spell levels left.
You didn't know any spells.
Your spell library was empty.

Dungeon Overview and Level Annotations

Branches:
Dungeon (4/15)
 Temple: D:4-7

Altars:
Okawaru

Shops:
D:2 ?(


Innate Abilities, Weirdness & Mutations

You have a pair of horns on your head.
You reflexively headbutt those who attack you in melee.


Message History

You are more poisoned.
You barely miss the gnoll bouda.
You feel extremely sick. The gnoll bouda barely misses you.
Unknown command.
You are too injured to fight recklessly!
Unknown command.
You are too injured to fight recklessly!
Unknown command.
You hit the gnoll bouda. Your headbutt misses the gnoll bouda.
The gnoll bouda is lightly wounded.
You feel very sick.
The gnoll bouda barks out a call to the hunt!
The gnoll picks up the pace!
You slash the gnoll bouda!
The gnoll bouda is heavily wounded.
You feel very sick.
The gnoll bouda gazes fiercely through you!
You feel as though you will be weak longer.
The gnoll bouda hits you with a +2 whip of venom.
* * * LOW HITPOINT WARNING * * *
You hit the gnoll bouda. You headbutt the gnoll bouda.
The gnoll bouda is almost dead.
* * * LOW HITPOINT WARNING * * *
You feel very sick.
The gnoll bouda prays to its god.
The gnoll bouda is healed somewhat.
The gnoll bouda hits you with a +2 whip of venom.
* * * LOW HITPOINT WARNING * * *
You are more poisoned.
You closely miss the gnoll bouda.
The gnoll bouda is severely wounded.
* * * LOW HITPOINT WARNING * * *
You feel very sick.
The gnoll bouda gazes fiercely through you!
You feel as though you will be weak longer.
You block the gnoll bouda's attack.
You hit the gnoll bouda but do no damage.
The gnoll bouda is severely wounded.
You die...

..##########
...........#############
..g.........gg@.........
.g.####....#############
#........####
#...####....##### #####
####.....# #.....#
#.....# ## ##....##..
#....##.#


You could see a gnoll bouda and a gnoll (swift).

Vanquished Creatures
  A black bear (D:4)
  Ijyb (D:4)
  Robin (D:3)
  2 gnolls (D:4)
  5 adders
  2 dart slugs
  5 orcs (D:3)
  2 endoplasms (D:3)
  7 giant cockroaches
  14 goblins
  9 hobgoblins
  4 jackals (D:2)
  2 quokkas
  4 ball pythons
  7 bats
  A frilled lizard (D:1)
  2 kobolds
  5 rats
74 creatures vanquished.

Notes
Turn   | Place    | Note
-------+----------+-------------------------------------------
     0 | D:1      | skwerlee the Minotaur Fighter began the quest for the Orb.
     0 | D:1      | Reached XP level 1. HP: 19/19 MP: 0/0
   550 | D:1      | Reached XP level 2. HP: 27/27 MP: 1/1
   802 | D:2      | Found Kawnop's Antique Weapon Shop.
  1089 | D:2      | Reached XP level 3. HP: 33/33 MP: 2/2
  1233 | D:2      | Found a faded altar of an unknown god.
  1343 | D:2      | Found Ceicw's Magic Scroll Shoppe.
  1403 | D:2      | Reached skill level 3 in Axes
  1745 | D:3      | Reached XP level 4. HP: 40/40 MP: 3/3
  1862 | D:3      | Reached skill level 1 in Dodging
  1862 | D:3      | Noticed Robin
  1867 | D:3      | Killed Robin
  1868 | D:3      | Reached skill level 4 in Axes
  1929 | D:3      | Found an iron altar of Okawaru.
  2069 | D:3      | Became a worshipper of Warmaster Okawaru
  2260 | D:3      | Reached XP level 5. HP: 44/46 MP: 4/4
  2419 | D:4      | Noticed Ijyb
  2423 | D:4      | Killed Ijyb
  2485 | D:4      | Noticed a black bear
  2492 | D:4      | Killed a black bear
  2493 | D:4      | Reached skill level 5 in Axes
  2612 | D:4      | Reached XP level 6. HP: 53/53 MP: 5/5
  2621 | D:4      | HP: 2/53 [poisoned by a gnoll bouda]
  2622 | D:4      | Succumbed to a gnoll bouda's poison

Illustrated notes

Levels and vault maps discovered:
D:1:      eino_arrival_water_cross, layout_loops_corners
D:2:      layout_loops_corners, chequers_ecumenical_altar_simple_redux,
          serial_shops, nicolae_shop_rolled_up, nicolae_shop_behind_doors
D:3:      layout_basic, nicolae_overflow_crystal_walls,
          corexii_item_surrounded_by_moat, uniq_robin
D:4:      layout_basic, uniq_ijyb

Skill      XL: |  1  2  3  4  5 |
---------------+----------------+-----
Armour         | 4 |  4.9
Shields        | 4 |  4.3
Fighting       | 4 |  4.4
Axes           | 3 4 5 |  5.5
Dodging        | 1 |  1.3

Action                     |  1- 3 |  4- 6 || total
---------------------------+-------+-------++-------
  Melee: War axe           |    66 |    64 ||   130
         Headbutt          |     9 |    13 ||    22
    Use: Scroll            |       |     1 ||     1
 Armour: Scale mail        |    42 |    49 ||    91
  Dodge: Dodged            |    31 |    32 ||    63
  Block: Buckler           |    11 |    10 ||    21

Table legend: (Time is in decaauts)
 A = Elapsed time spent in this place.
 B = Non-inter-level travel time spent in this place.
 C = Inter-level travel time spent in this place.
 D = Time resting spent in this place.
 E = Time spent auto-exploring this place.
 F = Levels seen in this place.
 G = Mean time per level.
                   A        B        C        D        E       F      G
               +--------+--------+--------+--------+--------+-----+--------+
         Total |   2666 |   2549 |    117 |     71 |   2024 |   4 |  666.5 |
       Dungeon |   2666 |   2549 |    117 |     71 |   2024 |   4 |  666.5 |
               +--------+--------+--------+--------+--------+-----+--------+

Top non-repeatable levels by time:
     D:2: 935 daAuts
     D:1: 785 daAuts
     D:3: 645 daAuts
     D:4: 300 daAuts
